 Dungeon Crawl Stone Soup version 0.30-a0-1161-g0704695555 (webtiles) character file.

Game seed: 5879427495125743187

36 senseless the Ruffian (level 3, -3/35 HPs)
             Began as an Ogre Transmuter on Apr 27, 2023.
             Slain by a goblin
             ... wielding a +0 club
             ... led by Robin
              (5 damage)
             ... on level 1 of the Dungeon.
             The game lasted 00:02:24 (1220 turns).

senseless the Ruffian (Ogre Transmuter)             Turns: 1220, Time: 00:02:25

Health: -3/35      AC:  3    Str: 14    XL:     3   Next: 37%
Magic:  5/7        EV: 10    Int: 16    God:
Gold:   42         SH:  0    Dex:  9    Spells: 6/7 levels left

rFire   . .          .
                       - Unarmed
rCold   . . .        (no shield)
rNeg    . . .        a - +0 robe
rPois   .            (helmet currently unavailable)
rElec   .            (no cloak)
rCorr   .            (gloves unavailable)
SInv    .            (boots unavailable)
Will    .....        (no amulet)
Stlth   +            (no ring)
HPRegen 0.25/turn    (no ring)
MPRegen 0.10/turn

%: no passive effects
@: appendages, very slightly contaminated
A: horns 2, talons 2, large, unfitting armour, tough skin 1
a: End Transformation


You were on level 1 of the Dungeon.
You had temporarily grown beastly horns and talons.
You visited 1 branch of the dungeon, and saw 2 of its levels.

You collected 42 gold pieces.

Inventory:

Armour
 a - a +0 robe (worn)
Magical Staves
 e - a staff of death
Scrolls
 c - 2 scrolls of amnesia {unknown}
 d - 2 scrolls of teleportation {unknown}
 f - a scroll of poison {unknown}
 g - 2 scrolls of fog {unknown}
Potions
 b - 3 potions of lignification
 h - a potion of curing {unknown}


   Skills:
 + Level 2.2 Fighting
 + Level 2.1 Dodging
 + Level 3.0 Unarmed Combat
 + Level 2.8 Spellcasting
 + Level 2.1 Transmutations


You had 6 spell levels left.
You knew the following spells:

 Your Spells              Type           Power      Damage    Failure   Level
a - Beastly Appendage     Tmut           18%        N/A       8%          1

Your spell library contained the following spells:

 Spells                   Type           Power      Damage    Failure   Level
 Wereblood                Tmut           9%         N/A       12%         2
 Spider Form              Tmut/Pois      5%         N/A       36%         3
 Ice Form                 Ice/Tmut       5%         N/A       77%         4


Dungeon Overview and Level Annotations

Branches:
Dungeon (2/15)

Altars:

Annotations:
D:2 Robin


Innate Abilities, Weirdness & Mutations

You have temporarily grown beastly horns and talons.
You are too large for most types of armour.
You have tough skin. (AC +1)


Message History

Your horns disappear.
Your talons disappear.
Robin completely misses you. The goblin hits you with a +0 dagger.
The goblin hits you with a +0 dagger. The goblin hits you with a +0 club.
You climb upwards.
There is a stone staircase leading down here.
You are too injured to fight recklessly!
You are too injured to fight recklessly!
You are too injured to fight recklessly!
You hit the goblin.
The goblin is moderately wounded.
The goblin hits you with a +0 dagger.
* * * LOW HITPOINT WARNING * * *
The goblin closely misses you.
You barely miss the goblin.
The goblin hits you but does no damage. x2
You hit the goblin but do no damage.
The goblin is moderately wounded.
The goblin hits you with a +0 dagger.
* * * LOW HITPOINT WARNING * * *
The goblin closely misses you.
You barely miss the goblin.
The goblin is moderately wounded.
The goblin no longer looks unusually strong.
The goblin closely misses you. The goblin hits you but does no damage.
Casting: Beastly Appendage (safe; 8% risk of failure)
Confirm with . or Enter, or press ? or * to list all spells.
You miscast Beastly Appendage.
You are very lightly contaminated with residual magic.
Nothing appears to happen.
The goblin barely misses you. x2
Casting: Beastly Appendage (safe; 8% risk of failure)
Confirm with . or Enter, or press ? or * to list all spells.
You grow a pair of large bovine horns.
Your feet morph into talons.
The goblin barely misses you. The goblin hits you with a +0 club.
* * * LOW HITPOINT WARNING * * *
You hit the goblin. Your kick misses the goblin.
The goblin is heavily wounded.
The goblin hits you but does no damage.
You completely miss the goblin. You claw the goblin.
You kill the goblin!
The goblin hits you with a +0 club.
You die...

........##...................#...
..#...####.####.#.##...######..##
................#.##...######.##
..#...#.....#####.##...#.#....#
.............#....#........######
...........#...##................
...............##.#.####.###.....
.........####....)..# #.# ######
.........####..#@g.## #.#######
...............)....# #.......#
.........#####.#.##.# #.#####.#
.........#.....#.##.# #.# #.#
.........~.....~....####.#####.##
......~≈~≈...~.~~~~..............
###....~≈~~~≈~~≈~~~.......##.....
# #.....~≈≈~≈≈≈≈~.~...##..####.##
# #...~.~≈≈≈~≈≈≈~...####..# #.#


You could see a goblin (strong).

Vanquished Creatures
  4 ball pythons
  3 endoplasms
  3 giant cockroaches
  13 goblins
  2 hobgoblins
  A quokka (D:1)
  A bat (D:1)
  A frilled lizard (D:1)
  A kobold (D:2)
  2 rats (D:1)
31 creatures vanquished.

Vanquished Creatures (others)
  16 plants (D:2)
16 creatures vanquished.

Grand Total: 47 creatures vanquished

Notes
Turn   | Place    | Note
-------+----------+-------------------------------------------
     0 | D:1      | senseless the Ogre Transmuter began the quest for the Orb.
     0 | D:1      | Reached XP level 1. HP: 19/19 MP: 3/3
   130 | D:1      | Reached XP level 2. HP: 28/28 MP: 3/5
   573 | D:1      | Found a faded altar of an unknown god.
  1102 | D:2      | Noticed Robin
  1109 | D:2      | Reached XP level 3. HP: 35/35 MP: 5/7
  1119 | D:2      | Reached skill level 3 in Unarmed Combat
  1220 | D:1      | Slain by a goblin

Illustrated notes

Levels and vault maps discovered:
D:1:      dpeg_arrival_signposts, layout_basic,
          chequers_ecumenical_altar_island, minmay_small_reverse_x
D:2:      layout_loops_corners, serial_bayou, serial_bayou_lagoon_a,
          serial_bayou_lagoon_b, serial_bayou_ford_a, serial_bayou_pond_e,
          serial_bayou_pond_c, serial_shops, nicolae_shop_trees,
          minmay_misc_feat_columns, minivault_5, uniq_robin

Skill      XL: |  1  2  3 |
---------------+----------+-----
Dodging        | 2 |  2.1
Transmutations | 2 |  2.1
Fighting       | 2 |  2.2
Unarmed Combat | 3 |  3.0
Spellcasting   | |  2.8

Action                     || total
---------------------------++-------
  Melee: Unarmed           ||    77
         Kick              ||    18
         Headbutt          ||     9
   Cast: Beastly Appendage ||    18
 Armour: Robe              ||    23
  Dodge: Dodged            ||    44

Table legend: (Time is in decaauts)
 A = Elapsed time spent in this place.
 B = Non-inter-level travel time spent in this place.
 C = Inter-level travel time spent in this place.
 D = Time resting spent in this place.
 E = Time spent auto-exploring this place.
 F = Levels seen in this place.
 G = Mean time per level.
                   A        B        C        D        E       F      G
               +--------+--------+--------+--------+--------+-----+--------+
         Total |   1218 |   1172 |     46 |    106 |    881 |   2 |  609.0 |
       Dungeon |   1218 |   1172 |     46 |    106 |    881 |   2 |  609.0 |
               +--------+--------+--------+--------+--------+-----+--------+

Top non-repeatable levels by time:
     D:1: 1144 daAuts
     D:2: 74 daAuts
